 Dungeon Crawl Stone Soup version 0.17-a0-2122-g03d97ec (webtiles) character file.

56 tp1 the Conjurer (level 3, 0/19 HPs)
             Began as a Deep Elf Conjurer on Oct 21, 2015.
             Slain by a gnoll (9 damage)
             ... on level 3 of the Dungeon.
             The game lasted 00:06:46 (838 turns).

tp1 the Conjurer (Deep Elf Conjurer)                 Turns: 838, Time: 00:06:46

Health: 0/19       AC:  3    Str:  5    XL:     3   Next: 71%
Magic:  0/10       EV: 13    Int: 20    God:
Gold:   74         SH:  0    Dex: 15    Spells: 3 memorised, 4 levels left

rFire  . . .     SeeInvis +     g - +0 dagger
rCold  . . .     Clarity  .     a - +0 robe
rNeg   . . .     SustAt   .     (no shield)
rPois  .         Gourm    .     (no helmet)
rElec  .         Spirit   .     (no cloak)
rCorr  .         Warding  .     i - +0 pair of gloves
rMut   .         Stasis   .     (no boots)
MR     .....                    (no amulet)
Stlth  ++........               (no ring)
                                l - ring of see invisible

@: very slightly contaminated, not resistant to hostile enchantments, unstealthy
A: no striking features
a: no special abilities


You were on level 3 of the Dungeon.
You were not hungry.

You visited 1 branch of the dungeon, and saw 3 of its levels.

You collected 74 gold pieces.

Inventory:

Hand Weapons
 g - a +0 dagger (weapon)
Armour
 a - a +0 robe (worn)
 i - a +0 pair of gloves (worn)
Jewellery
 l - a ring of see invisible (left hand)
Scrolls
 d - a scroll of identify {unknown}
 e - 2 scrolls of teleportation {unknown}
 k - a scroll of noise {unknown}
 m - a scroll of immolation {unknown}
 n - 2 scrolls of remove curse {unknown}
Potions
 h - a potion of resistance {unknown}
 j - 2 potions of invisibility {unknown}
Books
 b - a book of Conjurations

   Spells                             Type                      Level
   a - Magic Dart                     Conjuration                  1
   b - Searing Ray                    Conjuration                  2
   c - Dazzling Spray                 Conjuration/Hexes            3
   d - Fulminant Prism                Conjuration/Hexes            4
   e - Iskenderun's Mystic Blast      Conjuration                  4
   f - Iskenderun's Battlesphere      Conjuration/Charms           5
Comestibles
 c - 2 bread rations
 f - a beef jerky
 o - 2 chunks of flesh


   Skills:
 - Level 3.0 Dodging
 - Level 2.4 Stealth
 + Level 4.2 Spellcasting
 - Level 5.0 Conjurations


You had 4 spell levels left.
You knew the following spells:

 Your Spells              Type           Power        Failure   Level  Hunger
a - Magic Dart            Conj           ###.         1%          1    None
b - Searing Ray           Conj           ###...       2%          2    #......
c - Dazzling Spray        Conj/Hex       ##......     14%         3    ###....


Dungeon Overview and Level Annotations

Branches:
Dungeon (3/15)

Altars:


Message History

There is a stone staircase leading down, spattered with blood here.
You see here a flail.
You can't go up here!
The gnoll shouts!
The gnoll barely misses you.
You climb downwards.
Found a ring mail and 10 gold pieces.
There is a stone staircase leading up here.
You completely miss the gnoll.
The gnoll is moderately wounded.
The gnoll barely misses you.
Casting: Magic Dart
Confirm with . or Enter, or press ? or * to list all spells.
Aiming: Magic Dart
Press: ? - help, Shift-Dir - straight line, f - gnoll
Aim: a gnoll, wearing a ring mail (moderately wounded)
The magic dart hits the gnoll.
The gnoll is moderately wounded.
The gnoll hits you!
You die...

.. ....
..###+#..#
.........#
#.......#
#.......#
#.......#
##.....[.#
.......@.#
........g#
.........#
....######
.$. .. .


You could see a gnoll.

Vanquished Creatures
  An adder (D:2)
  2 gnolls (D:2)
  3 giant geckos (D:2)
  3 bats (D:2)
  A giant cockroach (D:2)
  5 hobgoblins
  A giant newt (D:2)
  3 jackals (D:2)
  2 kobolds (D:2)
  3 rats
24 creatures vanquished.

Notes
Turn   | Place    | Note
--------------------------------------------------------------
     0 | D:1      | tp1 the Deep Elf Conjurer began the quest for the Orb.
     0 | D:1      | Reached XP level 1. HP: 10/10 MP: 6/6
   183 | D:1      | You fall through a shaft!
   252 | D:2      | Reached XP level 2. HP: 10/15 MP: 0/8
   447 | D:2      | Reached skill level 5 in Conjurations
   506 | D:2      | Reached XP level 3. HP: 12/19 MP: 0/9
   706 | D:2      | Learned a level 2 spell: Searing Ray
   710 | D:2      | Learned a level 3 spell: Dazzling Spray
   838 | D:3      | Slain by a gnoll

Vault maps used:
D:1:      dpeg_arrival_court
D:2:      first_bread
D:3:      xom_teletrap_fun, uniq_natasha

Action                   || total
-------------------------++-------
Melee: Dagger            ||    10
 Cast: Magic Dart        ||    53
       Searing Ray       ||     3
       Dazzling Spray    ||     2
